 Dungeon Sprint DCSS version 0.17-a0-1718-g72dbe4d (webtiles) character file.

87256 Kidiri the Imperceptible (level 15, -10/61 (63) HPs)
             Began as a Spriggan Enchanter on Aug 26, 2015.
             Was the Champion of Dithmenos.
             Killed from afar by an ogre mage (38 damage)
             ... with a crystal spear
             ... in the Dungeon (Sprint III: "The Ten Rune Challenge").
             The game lasted 00:53:57 (8952 turns).

Kidiri the Imperceptible (Spriggan Enchanter)       Turns: 8952, Time: 00:53:58

HP:   -10/61 (63)   AC: 13    Str: 13    XL:     15   Next: 6%
MP:   1/39          EV: 33    Int: 23    God:    Dithmenos [******]
Gold: 4085          SH:  0    Dex: 23    Spells: 13 memorised, 4 levels left

rFire  + + .     SeeInvis +     f - +9 quick blade
rCold  . . .     Clarity  .     G - +0 pearl dragon armour "Qafon" {+Fly rN+ Str-3 Int+3}
rNeg   + + .     SustAt   .     (shield restricted)
rPois  +         Gourm    .     r - +0 hat of Daeclaux {Dex+5}
rElec  +         Spirit   .     D - +2 cloak {+Inv}
rCorr  .         Warding  .     (gloves unavailable)
rMut   .         NoTele   +     (boots unavailable)
MR     ++...                    (no amulet)
Stlth  ++++++++++               c - ring of Cerux {rPois rF++ rN+}
                                w - ring "Ebausem" {+Fly rElec rPois Str+12 Dex-2}

@: very slightly contaminated, wreathed by umbra, repel missiles, very quick,
very resistant to hostile enchantments, uncannily stealthy
A: unfitting armour, see invisible, herbivore 3, speed 3, mutation resistance 1,
slow healing 1, slow metabolism 2, spit poison 1
a: Spit Poison, Shadow Step, Shadow Form, Renounce Religion, Evoke Invisibility,
Evoke Flight
}: 1/10 runes: serpentine


You were in the Dungeon.
You worshipped Dithmenos.
Dithmenos was exalted by your worship.
You were not hungry.

You visited 1 branch You collected 4857 gold pieces.
You spent 772 gold pieces at shops.

Inventory:

Hand weapons
 f - a +9 quick blade (weapon)
Armour
 j - the +3 hat of Pondering {ponderous, MR+ MP+10 Int+5}
   (You took it off Gastronok in the Dungeon)

   It affects your intelligence (+5).
   It affects your resistance to hostile enchantments.
   It affects your magic capacity (+10).
 r - the +0 hat of Daeclaux (worn) {Dex+5}
   (You acquired it in the Dungeon)

   It affects your dexterity (+5).
 D - a +2 cloak of invisibility (worn)
 G - the +0 pearl dragon armour "Qafon" (worn) {+Fly rN+ Str-3 Int+3}
   (You found it in the Dungeon)

   It affects your strength (-3).
   It affects your intelligence (+3).
   It protects you from negative energy.
   It lets you fly.
Jewellery
 b - the ring of the Zebra {AC+5 Str+7 Int+7 Dex-4}
   (You took it off a deep elf death mage in the Dungeon)

   [ring of protection]

   It affects your AC (+5).
   It affects your strength (+7).
   It affects your intelligence (+7).
   It affects your dexterity (-4).
 c - the ring of Cerux (right hand) {rPois rF++ rN+}
   (You bought it in a shop in the Dungeon)

   [ring of poison resistance]

   It greatly protects you from fire.
   It protects you from poison.
   It protects you from negative energy.
 w - the ring "Ebausem" (left hand) {+Fly rElec rPois Str+12 Dex-2}
   (You took it off a deep elf demonologist in the Dungeon)

   [ring of flight]

   It affects your strength (+12).
   It affects your dexterity (-2).
   It insulates you from electricity.
   It protects you from poison.
   It lets you fly.
Magical devices
 A - a wand of heal wounds (9)
Scrolls
 a - a scroll of remove curse
 o - 4 scrolls of torment
 x - 4 scrolls of amnesia
Potions
 e - a potion of lignification {unknown}
 g - 3 potions of haste
 i - 2 potions of berserk rage
 k - a potion of invisibility {unknown}
 p - a potion of might
 s - 3 potions of flight
 u - a potion of cure mutation {unknown}
 z - a potion of brilliance {unknown}
Books
 v - a book of Geomancy

   Spells                             Type                      Level
   a - Sandblast                      Earth                        1
   b - Stoneskin                      Transmutation/Earth          2
   c - Passwall                       Transmutation/Earth          3
   d - Stone Arrow                    Conjuration/Earth            3
   e - Petrify                        Transmutation/Earth          4
   f - Lee's Rapid Deconstruction     Earth                        5
Comestibles
 d - a bread ration
 m - 29 royal jellies
 n - 9 fruits


   Skills:
 + Level 13.4 Short Blades
 * Level 22.7 Dodging
 * Level 24.4 Stealth
 * Level 19.8 Spellcasting
 + Level 9.5 Conjurations
 + Level 14.8 Hexes
 + Level 12.8 Charms
 + Level 9.7 Summonings
 + Level 15.2 Translocations
 + Level 5.3 Transmutations
 + Level 10.6 Ice Magic
 + Level 8.6 Air Magic
 + Level 3.8 Earth Magic
 + Level 6.2 Poison Magic
 - Level 4.8 Invocations


You had 4 spell levels left.
You knew the following spells:

 Your Spells              Type           Power        Failure   Level  Hunger
a - Corona                Hex            ######.      1%          1    None
b - Ensorcelled Hibernat  Hex/Ice        ######       1%          2    None
c - Confuse               Hex            ######..     1%          3    None
d - Tukima's Dance        Hex            ######..     1%          3    None
e - Dazzling Spray        Conj/Hex       ######..     1%          3    None
f - Controlled Blink      Tloc           N/A          24%         7    #####..
g - Malign Gateway        Summ/Tloc      ######....   83%         7    #####..
h - Disjunction           Tloc           #######...   99%         8    ######.
i - Static Discharge      Conj/Air       ######..     1%          3    None
j - Repel Missiles        Chrm/Air       ######       1%          2    None
k - Lightning Bolt        Conj/Air       ######....   12%         5    None
l - Mephitic Cloud        Conj/Pois/Air  ######..     1%          3    None
m - Stoneskin             Trmt/Erth      #####...     3%          2    None


Dungeon Overview and Level Annotations

Branches:
Dungeon (1/1)

Altars:
Cheibriados
Dithmenos
Elyvilon
Fedhas
Gozag
Kikubaaqudgha
Makhleb
Nemelex Xobeh
Okawaru
Qazlal
Ru
Sif Muna
Trog
Vehumet
Xom
Yredelemnul
Zin
The Shining One
Jiyva
Lugonu

Shops:
D }%((*?:!}(=[%(=!


Innate Abilities, Weirdness & Mutations

You are tiny and cannot use many weapons and most armour.
You have supernaturally acute eyesight.
You are a herbivore.
You cover ground extremely quickly.
You need consume almost no food.
You are somewhat resistant to further mutation.
You heal slowly when monsters are visible.
You can spit weak poison.


Message History

The shadow dragon closely misses you.
The shadow dragon completely misses you.
Unknown command.
Casting: Lightning Bolt
Confirm with . or Enter, or press ? or * to list all spells.
Aiming: Lightning Bolt
Press: ? - help, Shift-Dir - straight line, f/p - shadow dragon
Aim: a shadow dragon (almost dead, umbra)
You hear a mighty clap of thunder!
The bolt of lightning hits the shadow dragon.
You kill the shadow dragon!
Dithmenos accepts your kill.
Your life force feels restored.
The bolt of lightning hits the ogre mage.
The ogre mage is almost dead.
You hear a shout!
You hear a roar!
The ogre mage points at you and mumbles some strange words.
The crystal spear hits you!
Ouch! That really hurt!
You die...

≈≈≈##..##.# ........#.#
≈≈≈##..##.# ...'......#
########### #########
#.+%..≈≈#
.##...≈≈################
#.#...≈≈≈≈##.§§§@.O§§...
.##...≈≈≈≈##.#######§...
#.#.......##.......# O
.##.......########.#
#.#.......##.......#
.###########'#################
############.#...#.#§§.§...§.#
≈§≈≈##§.≈≈≈##...#.##§§§≈§≈≈≈≈#
≈≈≈≈#§)≈#≈≈#.#.#...#.§....§.§#


You could see an ogre mage (blind).

Vanquished Creatures
  Norris (D)
  A lich (D)
  Rupert (D)
  A deep elf master archer (D)
  Frances (D)
  2 sphinxes (D)
  Gastronok (D)
  Chuck (D)
  A shadow dragon (D)
  A greater naga (D)
  Maud (D)
  Wiglaf (D)
  3 deep elf demonologists (D)
  Azrael (D)
  A deep elf annihilator (D)
  2 dire elephants (D)
  2 deep elf death magi (D)
  2 mummy priests (D)
  A fire dragon (D)
  2 yaktaur captains (D)
  2 hydras (D)
  A naga warrior (D)
  4 anacondas (D)
  A ghost crab (shapeshifter) (D)
  Erica (D)
  3 centaur warriors (D)
  4 death yaks (D)
  4 dancing weapons (D)
  2 deep elf knights (D)
  4 skeletal warriors (D)
  A death drake (D)
  A spriggan druid (D)
  An unseen horror (D)
  A death drake (shapeshifter) (D)
  A swamp dragon (shapeshifter) (D)
  An obsidian statue (D)
  A deep elf summoner (D)
  A deep elf conjurer (D)
  A lindwurm (D)
  2 ugly things (D)
  4 crystal guardians (D)
  A wolf spider (shapeshifter) (D)
  2 spiny frogs (D)
  2 elephants (D)
  A guardian serpent (D)
  6 black mambas (D)
  3 yaktaurs (D)
  A komodo dragon (D)
  A fire drake (D)
  15 guardian mummies (D)
  2 deep elf priests (D)
  3 wandering mushrooms (D)
  A queen bee (D)
  4 spriggan defenders (D)
  2 slime creatures (D)
  3 orc high priests (D)
  8 blink frogs (D)
  3 redbacks (D)
  A shadow (D)
  2 spriggans (D)
  2 nagas (D)
  A spatial vortex (D)
  A water moccasin (D)
  An orc warrior (D)
  A swamp drake (D)
  A necrophage (D)
  2 centaurs (D)
  An earth elemental (D)
  2 brain worms (D)
  A water elemental (D)
  32 killer bees (D)
  An electric eel (D)
  3 orc priests (D)
  Crazy Yiuf (D)
  A jelly (D)
  3 orc wizards (D)
  A necromancer (D)
  A wizard (D)
  3 humans (D)
  A kobold demonologist (D)
  4 adders (D)
  12 orcs (D)
  4 rats (D)
  A ballistomycete (D)
  2 plants (D)
212 creatures vanquished.

Vanquished Creatures (others)
  2 draconian scorchers (D)
  2 yaktaurs (D)
  A bush (D)
  A giant spore (D)
  14 plants (D)
20 creatures vanquished.

Grand Total: 232 creatures vanquished

Notes
Turn   | Place    | Note
--------------------------------------------------------------
     0 | D        | Kidiri the Spriggan Enchanter began the quest for the Orb.
     0 | D        | Reached XP level 1. HP: 9/9 MP: 5/5
    65 | D        | Noticed Crazy Yiuf
    68 | D        | Killed Crazy Yiuf
    68 | D        | Reached skill level 5 in Dodging
    68 | D        | Reached skill level 6 in Stealth
    68 | D        | Reached XP level 2. HP: 13/13 MP: 5/8
    68 | D        | Reached XP level 3. HP: 16/16 MP: 6/10
    78 | D        | Killed a yaktaur
    85 | D        | Learned a level 2 spell: Ensorcelled Hibernation
    89 | D        | Learned a level 3 spell: Confuse
   112 | D        | Learned a level 3 spell: Tukima's Dance
   119 | D        | Reached skill level 5 in Spellcasting
   197 | D        | Killed a yaktaur
   246 | D        | Learned a level 3 spell: Dazzling Spray
   281 | D        | Killed a white draconian scorcher
   301 | D        | Killed a white draconian scorcher
   313 | D        | Gained mutation: You can spit weak poison. [potion of mutation]
   313 | D        | Gained mutation: You are somewhat resistant to further mutation. [potion of mutation]
   329 | D        | Noticed a water elemental
   331 | D        | Killed a water elemental
   331 | D        | Reached skill level 7 in Stealth
   331 | D        | Reached skill level 1 in Conjurations
   331 | D        | Reached skill level 5 in Hexes
   331 | D        | Reached skill level 1 in Ice Magic
   331 | D        | Reached XP level 4. HP: 21/21 MP: 10/12
   350 | D        | Noticed a jelly
   351 | D        | Noticed a shadow
   410 | D        | Killed a jelly
   410 | D        | Reached skill level 8 in Stealth
   477 | D        | Killed a shadow
   477 | D        | Reached skill level 10 in Stealth
   477 | D        | Reached XP level 5. HP: 24/24 MP: 1/16
   477 | D        | Reached XP level 6. HP: 28/28 MP: 1/17
   615 | D        | Noticed Erica
   627 | D        | Killed Erica
   627 | D        | Reached skill level 11 in Dodging
   627 | D        | Reached skill level 12 in Stealth
   627 | D        | Reached XP level 7. HP: 32/32 MP: 15/21
   660 | D        | Noticed an earth elemental
   663 | D        | Killed an earth elemental
   663 | D        | Reached skill level 10 in Spellcasting
   663 | D        | Reached XP level 8. HP: 36/36 MP: 23/23
   681 | D        | Found a stormy altar of Qazlal.
   682 | D        | Found a sacrificial altar of Ru.
   682 | D        | Found a burning altar of Makhleb.
   682 | D        | Found a viscous altar of Jiyva.
   682 | D        | Found a shimmering altar of Xom.
   682 | D        | Found a shadowy altar of Dithmenos.
   682 | D        | Found a sparkling altar of Nemelex Xobeh.
   682 | D        | Found a corrupted altar of Lugonu.
   682 | D        | Found an opulent altar of Gozag.
   682 | D        | Noticed a spatial vortex
   686 | D        | Became a worshipper of Dithmenos the Shadowed
   687 | D        | Killed a spatial vortex
   687 | D        | Reached skill level 13 in Stealth
   715 | D        | Found a radiant altar of Vehumet.
   716 | D        | Found a deep blue altar of Sif Muna.
   716 | D        | Found an ancient bone altar of Kikubaaqudgha.
   716 | D        | Noticed a wizard
   717 | D        | Killed a wizard
   742 | D        | Learned a level 7 spell: Controlled Blink
   750 | D        | Learned a level 7 spell: Malign Gateway
   769 | D        | Found a glowing silver altar of Zin.
   770 | D        | Found a glowing golden altar of the Shining One.
   770 | D        | Found a white marble altar of Elyvilon.
   770 | D        | Noticed a deep elf priest
   772 | D        | Killed a deep elf priest
   772 | D        | Reached skill level 1 in Translocations
   772 | D        | Reached skill level 1 in Invocations
   784 | D        | Found an iron altar of Okawaru.
   785 | D        | Found a bloodstained altar of Trog.
   785 | D        | Noticed a human
   785 | D        | Noticed a human
   787 | D        | Killed a human
   787 | D        | Reached skill level 1 in Summonings
   788 | D        | Killed a human
   804 | D        | Found a snail-covered altar of Cheibriados.
   804 | D        | Noticed a necrophage
   805 | D        | Found a basalt altar of Yredelemnul.
   805 | D        | Found a blossoming altar of Fedhas.
   805 | D        | Noticed a necromancer
   806 | D        | Killed a necrophage
   806 | D        | Acquired Dithmenos's first power
   807 | D        | Killed a necromancer
   898 | D        | Noticed a centaur
   898 | D        | Noticed a centaur warrior
   898 | D        | Noticed a centaur
   900 | D        | Killed a centaur
   900 | D        | Reached skill level 14 in Stealth
   902 | D        | Killed a centaur warrior
   902 | D        | Reached skill level 5 in Ice Magic
   902 | D        | Reached XP level 9. HP: 39/39 MP: 23/25
   903 | D        | Killed a centaur
   903 | D        | Acquired Dithmenos's second power
   928 | D        | Noticed an unseen horror
   930 | D        | Killed an unseen horror
   930 | D        | Reached skill level 15 in Stealth
   940 | D        | Noticed a killer bee
   940 | D        | Noticed a killer bee
   940 | D        | Noticed a killer bee
   940 | D        | Noticed a killer bee
   940 | D        | Noticed a killer bee
   940 | D        | Noticed a killer bee
   940 | D        | Noticed a killer bee
   940 | D        | Noticed a killer bee
   940 | D        | Noticed a killer bee
   940 | D        | Noticed a killer bee
   940 | D        | Noticed a killer bee
   940 | D        | Noticed a killer bee
   940 | D        | Noticed a killer bee
   940 | D        | Noticed a killer bee
   940 | D        | Noticed a killer bee
   941 | D        | Noticed a killer bee
   941 | D        | Noticed a killer bee
   941 | D        | Noticed a queen bee
   941 | D        | Noticed a killer bee
   941 | D        | Noticed a killer bee
   941 | D        | Noticed a killer bee
   941 | D        | Noticed a killer bee
   941 | D        | Noticed a killer bee
   941 | D        | Noticed a killer bee
   941 | D        | Noticed a killer bee
   941 | D        | Noticed a killer bee
   941 | D        | Noticed a killer bee
   941 | D        | Noticed a killer bee
   941 | D        | Noticed a killer bee
   941 | D        | Noticed a killer bee
   941 | D        | Noticed a killer bee
   941 | D        | Noticed a killer bee
   941 | D        | Noticed a killer bee
   950 | D        | Killed a killer bee
   955 | D        | Killed a killer bee
   957 | D        | Killed a killer bee
   959 | D        | Killed a killer bee
   959 | D        | Acquired Dithmenos's third power
   961 | D        | Killed a killer bee
   963 | D        | Killed a killer bee
   965 | D        | Killed a killer bee
   965 | D        | Reached skill level 5 in Translocations
  1096 | D        | Killed a killer bee
  1103 | D        | Killed a killer bee
  1103 | D        | Acquired Dithmenos's fourth power
  1105 | D        | Killed a killer bee
  1107 | D        | Killed a killer bee
  1109 | D        | Killed a killer bee
  1111 | D        | Killed a killer bee
  1113 | D        | Killed a killer bee
  1115 | D        | Killed a killer bee
  1119 | D        | Killed a killer bee
  1119 | D        | Reached skill level 5 in Conjurations
  1249 | D        | Killed a killer bee
  1249 | D        | Reached XP level 10. HP: 44/44 MP: 27/27
  1251 | D        | Killed a killer bee
  1253 | D        | Killed a killer bee
  1257 | D        | Killed a killer bee
  1259 | D        | Killed a killer bee
  1268 | D        | Killed a killer bee
  1271 | D        | Killed a killer bee
  1273 | D        | Killed a killer bee
  1282 | D        | Killed a killer bee
  1286 | D        | Killed a killer bee
  1296 | D        | Killed a killer bee
  1436 | D        | Killed a killer bee
  1438 | D        | Killed a killer bee
  1442 | D        | Killed a killer bee
  1446 | D        | Killed a killer bee
  1448 | D        | Killed a killer bee
  1450 | D        | Killed a queen bee
  1590 | D        | Noticed a wandering mushroom
  1591 | D        | Noticed a wandering mushroom
  1591 | D        | Noticed a wandering mushroom
  1594 | D        | Killed a wandering mushroom
  1594 | D        | Reached skill level 16 in Stealth
  1599 | D        | Killed a wandering mushroom
  1609 | D        | Killed a wandering mushroom
  1794 | D        | Learned a level 8 spell: Disjunction
  1914 | D        | Noticed a spiny frog
  1914 | D        | Noticed a komodo dragon
  1914 | D        | Noticed a spiny frog
  1917 | D        | Killed a spiny frog
  1917 | D        | Reached skill level 15 in Dodging
  1919 | D        | Killed a komodo dragon
  1919 | D        | Reached skill level 10 in Hexes
  1920 | D        | Killed a spiny frog
  1986 | D        | Noticed a redback
  1988 | D        | Killed a redback
  1989 | D        | Noticed a brain worm
  1992 | D        | Killed a brain worm
  1997 | D        | Noticed a brain worm
  2000 | D        | Killed a brain worm
  2004 | D        | Noticed a lindwurm
  2006 | D        | Noticed a redback
  2007 | D        | Killed a lindwurm
  2009 | D        | Killed a redback
  2015 | D        | Noticed a redback
  2016 | D        | Killed a redback
  2016 | D        | Reached skill level 17 in Stealth
  2017 | D        | Noticed Maud
  2020 | D        | Killed Maud
  2020 | D        | Reached XP level 11. HP: 47/47 MP: 29/29
  2026 | D        | Learned a level 3 spell: Static Discharge
  2027 | D        | Noticed an electric eel
  2028 | D        | Noticed a six-headed hydra
  2028 | D        | Noticed a six-headed hydra
  2029 | D        | Killed an electric eel
  2031 | D        | Killed a six-headed hydra
  2031 | D        | Reached skill level 5 in Summonings
  2031 | D        | Reached skill level 1 in Air Magic
  2032 | D        | Killed a six-headed hydra
  2072 | D        | Noticed a death drake
  2075 | D        | Killed a death drake
  2082 | D        | Found a blossoming altar of Fedhas.
  2082 | D        | Noticed a spriggan
  2082 | D        | Noticed a spriggan druid
  2082 | D        | Noticed a spriggan
  2084 | D        | Killed a spriggan druid
  2084 | D        | Reached skill level 18 in Stealth
  2088 | D        | Killed a spriggan
  2092 | D        | Killed a spriggan
  2170 | D        | Noticed an anaconda
  2171 | D        | Noticed a black mamba
  2172 | D        | Killed an anaconda
  2176 | D        | Killed a black mamba
  2189 | D        | Learned a level 2 spell: Repel Missiles
  2205 | D        | Noticed an anaconda
  2205 | D        | Noticed a black mamba
  2205 | D        | Noticed a water moccasin
  2208 | D        | Killed an anaconda
  2208 | D        | Reached skill level 1 in Charms
  2209 | D        | Killed a black mamba
  2210 | D        | Killed a water moccasin
  2229 | D        | Noticed an anaconda
  2229 | D        | Noticed a black mamba
  2229 | D        | Noticed an anaconda
  2229 | D        | Noticed a black mamba
  2231 | D        | Killed an anaconda
  2234 | D        | Killed an anaconda
  2234 | D        | Reached skill level 10 in Short Blades
  2234 | D        | Reached skill level 15 in Spellcasting
  2235 | D        | Killed a black mamba
  2237 | D        | Killed a black mamba
  2237 | D        | Reached XP level 12. HP: 51/51 MP: 23/32
  2281 | D        | Noticed a naga
  2281 | D        | Noticed a naga
  2282 | D        | Noticed a naga warrior
  2282 | D        | Noticed a greater naga
  2282 | D        | Found Yddedd's Gadget Shop.
  2282 | D        | Found Ynwadab's Food Shoppe.
  2282 | D        | Found Boom's Antique Weapon Boutique.
  2283 | D        | Killed a naga
  2284 | D        | Killed a naga
  2284 | D        | Reached skill level 19 in Stealth
  2286 | D        | Killed a naga warrior
  2286 | D        | Reached skill level 10 in Translocations
  2287 | D        | Killed a greater naga
  2303 | D        | Noticed a guardian serpent
  2305 | D        | Killed a guardian serpent
  2309 | D        | Got a serpentine rune of Zot
  2492 | D        | Noticed a swamp drake
  2492 | D        | Noticed a fire drake
  2493 | D        | Killed a fire drake
  2495 | D        | Killed a swamp drake
  2503 | D        | Noticed a blink frog
  2503 | D        | Noticed a blink frog
  2504 | D        | Noticed a blink frog
  2504 | D        | Noticed a blink frog
  2504 | D        | Noticed a blink frog
  2505 | D        | Killed a blink frog
  2508 | D        | Killed a blink frog
  2508 | D        | Reached skill level 5 in Charms
  2512 | D        | Killed a blink frog
  2516 | D        | Killed a blink frog
  2530 | D        | Killed a blink frog
  2645 | D        | Noticed Rupert
  2647 | D        | Killed Rupert
  2673 | D        | Noticed a death yak
  2674 | D        | Noticed a death yak
  2674 | D        | Noticed a blink frog
  2675 | D        | Noticed an azure jelly
  2675 | D        | Noticed a death yak
  2675 | D        | Noticed an azure jelly
  2675 | D        | Noticed a blink frog
  2675 | D        | Noticed a death yak
  2677 | D        | Noticed a blink frog
  2698 | D        | Killed a blink frog
  2711 | D        | Killed a death yak
  2711 | D        | Reached skill level 20 in Stealth
  2910 | D        | Noticed a black mamba
  2913 | D        | Noticed a black mamba
  2926 | D        | Killed a death yak
  2933 | D        | Killed a death yak
  3117 | D        | Killed a death yak
  3119 | D        | Killed a blink frog
  3122 | D        | Killed a black mamba
  3122 | D        | Reached skill level 5 in Air Magic
  3137 | D        | Killed a black mamba
  3188 | D        | Killed a blink frog
  3288 | D        | Noticed a death drake
  3289 | D        | Noticed a swamp dragon skeleton
  3426 | D        | Noticed an azure jelly
  3426 | D        | Noticed an azure jelly
  3427 | D        | Noticed an elephant
  3427 | D        | Noticed an elephant
  3427 | D        | Noticed a dire elephant
  3427 | D        | Noticed a dire elephant
  3427 | D        | Noticed Gastronok
  3429 | D        | Killed Gastronok
  3430 | D        | Killed a dire elephant
  3430 | D        | Reached XP level 13. HP: 55/55 MP: 34/34
  3432 | D        | Killed a dire elephant
  3436 | D        | Killed an elephant
  3438 | D        | Killed an elephant
  3462 | D        | Learned a level 5 spell: Lightning Bolt
  3615 | D        | Noticed an orc priest
  3615 | D        | Noticed an orc wizard
  3615 | D        | Noticed an orc warrior
  3615 | D        | Noticed an orc wizard
  3615 | D        | Noticed an orc wizard
  3615 | D        | Noticed an orc priest
  3616 | D        | Found Qubumouq's Antique Weapon Boutique.
  3617 | D        | Killed an orc priest
  3618 | D        | Killed an orc priest
  3619 | D        | Killed an orc wizard
  3619 | D        | Killed an orc wizard
  3620 | D        | Killed an orc wizard
  3628 | D        | Killed an orc warrior
  3715 | D        | Bought a runed rapier for 72 gold pieces
  3768 | D        | Noticed a deep elf knight
  3768 | D        | Noticed a deep elf summoner
  3768 | D        | Noticed a deep elf priest
  3768 | D        | Noticed a deep elf knight
  3768 | D        | Noticed a deep elf conjurer
  3776 | D        | Killed a deep elf knight
  3777 | D        | Killed a deep elf summoner
  3779 | D        | Killed a deep elf priest
  3781 | D        | Killed a deep elf knight
  3781 | D        | Reached skill level 21 in Stealth
  3789 | D        | Killed a deep elf conjurer
  3925 | D        | Noticed a deep elf annihilator
  3928 | D        | Noticed a deep elf death mage
  3928 | D        | Killed a deep elf annihilator
  3931 | D        | Noticed a deep elf master archer
  4029 | D        | Noticed a deep elf demonologist
  4031 | D        | Killed a deep elf demonologist
  4111 | D        | Noticed a deep elf demonologist
  4112 | D        | Got a crude glass ring
  4114 | D        | Noticed a deep elf death mage
  4116 | D        | Identified the ring "Ebausem" {+Fly rElec rPois Str+12 Dex-2} (You took it off a deep elf demonologist in the Dungeon)
  4133 | D        | Noticed a cacodemon
  4133 | D        | Gained mutation: You heal slowly when monsters are visible. [a cacodemon]
  4134 | D        | Killed a deep elf demonologist
  4188 | D        | Killed a deep elf death mage
  4383 | D        | Killed a deep elf master archer
  4534 | D        | Killed a deep elf death mage
  4537 | D        | Noticed a deep elf demonologist
  4537 | D        | Killed a ghostly deep elf master archer
  4623 | D        | Killed a deep elf demonologist
  4687 | D        | Got a brightly glowing silver ring
  4864 | D        | Identified the ring of the Zebra {AC+5 Str+7 Int+7 Dex-4} (You took it off a deep elf death mage in the Dungeon)
  4903 | D        | Learned a level 3 spell: Mephitic Cloud
  5102 | D        | Noticed Wiglaf
  5102 | D        | Noticed Frances
  5107 | D        | Killed Wiglaf
  5113 | D        | Killed Frances
  5113 | D        | Reached skill level 22 in Stealth
  5113 | D        | Reached skill level 10 in Charms
  5113 | D        | Reached skill level 1 in Poison Magic
  5196 | D        | Noticed an orc priest
  5196 | D        | Noticed an orc high priest
  5197 | D        | Noticed an orc high priest
  5197 | D        | Noticed an orc high priest
  5198 | D        | Killed an orc priest
  5199 | D        | Killed an orc high priest
  5201 | D        | Killed an orc high priest
  5202 | D        | Killed an orc high priest
  5262 | D        | Noticed an obsidian statue
  5265 | D        | Noticed a spriggan defender
  5266 | D        | Noticed a spriggan defender
  5266 | D        | Noticed a spriggan defender
  5266 | D        | Noticed a spriggan defender
  5267 | D        | Killed a spriggan defender
  5268 | D        | Killed a spriggan defender
  5270 | D        | Killed a spriggan defender
  5271 | D        | Killed a spriggan defender
  5335 | D        | Noticed a centaur warrior
  5338 | D        | Killed a centaur warrior
  5349 | D        | Noticed a green ugly thing
  5352 | D        | Killed a green ugly thing
  5363 | D        | Noticed a fire dragon
  5366 | D        | Killed a fire dragon
  5377 | D        | Noticed a centaur warrior
  5381 | D        | Killed a centaur warrior
  5398 | D        | Noticed a wolf spider
  5401 | D        | Killed a wolf spider
  5401 | D        | Reached XP level 14. HP: 59/59 MP: 37/37
  5415 | D        | Noticed a trident of venom
  5415 | D        | Noticed a battleaxe of chopping
  5415 | D        | Noticed a trident of protection
  5416 | D        | Noticed a scimitar of venom
  5417 | D        | Killed a battleaxe of chopping
  5727 | D        | Killed a trident of venom
  5940 | D        | Killed a scimitar of venom
  5977 | D        | Killed a trident of protection
  6055 | D        | Killed an obsidian statue
  6160 | D        | Found Jezuemos's Antique Weapon Emporium.
  6160 | D        | Found Dejifom's Antique Armour Shop.
  6160 | D        | Found Imihasm's Distillery.
  6160 | D        | Found Feemanom's Distillery.
  6160 | D        | Found Tyat's Gadget Boutique.
  6160 | D        | Found Inaukiag's Jewellery Emporium.
  6160 | D        | Found Bosus's Book Shoppe.
  6160 | D        | Found Livaram's Jewellery Shop.
  6160 | D        | Found Seloo's Magic Scroll Shop.
  6160 | D        | Found Nyschid's Antique Weapon Emporium.
  6160 | D        | Found Vithrar's General Store.
  6160 | D        | Found Wyaryu Atao's Food Boutique.
  6198 | D        | Bought a scroll of identify for 28 gold pieces
  6198 | D        | Bought a scroll of identify for 28 gold pieces
  6208 | D        | Bought the ring of Cerux {rPois rF++ rN+} for 584 gold pieces
  6258 | D        | Noticed a yaktaur captain
  6258 | D        | Noticed a yaktaur
  6258 | D        | Noticed a yaktaur
  6259 | D        | Noticed a yaktaur
  6264 | D        | Killed a yaktaur captain
  6372 | D        | Killed a yaktaur
  6375 | D        | Killed a yaktaur
  6439 | D        | Killed a yaktaur
  6481 | D        | Noticed Azrael
  6483 | D        | Killed Azrael
  6506 | D        | Got a bloodstained hat
  6517 | D        | Identified the +0 hat of Daeclaux {Dex+5} (You acquired it in the Dungeon)
  6552 | D        | Noticed a crystal guardian
  6552 | D        | Noticed a crystal guardian
  6552 | D        | Noticed a crystal guardian
  6552 | D        | Noticed a crystal guardian
  6553 | D        | Killed a crystal guardian
  6555 | D        | Killed a crystal guardian
  6556 | D        | Killed a crystal guardian
  6607 | D        | Killed a crystal guardian
  6813 | D        | Noticed a yaktaur captain
  6813 | D        | Noticed a ghost crab
  6813 | D        | Noticed a white ugly thing
  6814 | D        | Noticed a swamp dragon
  6815 | D        | Killed a ghost crab
  6815 | D        | Reached skill level 23 in Stealth
  6817 | D        | Killed a white ugly thing
  6819 | D        | Killed a swamp dragon
  6837 | D        | Killed a yaktaur captain
  6916 | D        | Noticed a skeletal warrior
  6916 | D        | Noticed a skeletal warrior
  6916 | D        | Noticed a skeletal warrior
  6916 | D        | Noticed a skeletal warrior
  6919 | D        | Killed a skeletal warrior
  6920 | D        | Killed a skeletal warrior
  6922 | D        | Killed a skeletal warrior
  6923 | D        | Killed a skeletal warrior
  6923 | D        | Reached skill level 10 in Ice Magic
  6924 | D        | Noticed an ancient lich
  6951 | D        | Learned a level 2 spell: Stoneskin
  6993 | D        | Noticed a guardian mummy
  6993 | D        | Noticed a sphinx
  6993 | D        | Noticed a sphinx
  6994 | D        | Noticed a mummy priest
  6994 | D        | Noticed a guardian mummy
  6994 | D        | Noticed a guardian mummy
  6994 | D        | Noticed a guardian mummy
  6995 | D        | Killed a guardian mummy
  6997 | D        | Killed a mummy priest
  6997 | D        | Reached skill level 1 in Transmutations
  6998 | D        | Killed a sphinx
  6998 | D        | Reached skill level 1 in Earth Magic
  6999 | D        | Killed a sphinx
  6999 | D        | Reached skill level 5 in Poison Magic
  7000 | D        | Killed a guardian mummy
  7002 | D        | Killed a guardian mummy
  7003 | D        | Killed a guardian mummy
  7189 | D        | Noticed a guardian mummy
  7189 | D        | Noticed a mummy priest
  7196 | D        | Killed a mummy priest
  7311 | D        | Noticed a guardian mummy
  7312 | D        | Killed a guardian mummy
  7314 | D        | Killed a guardian mummy
  7317 | D        | Noticed a guardian mummy
  7336 | D        | Killed a guardian mummy
  7489 | D        | Noticed a guardian mummy
  7491 | D        | Killed a guardian mummy
  7525 | D        | Noticed a guardian mummy
  7526 | D        | Noticed a guardian mummy
  7527 | D        | Killed a guardian mummy
  7528 | D        | Noticed a guardian mummy
  7528 | D        | Noticed a guardian mummy
  7529 | D        | Killed a guardian mummy
  7530 | D        | Noticed a guardian mummy
  7545 | D        | Killed a guardian mummy
  7555 | D        | Killed a guardian mummy
  7652 | D        | Killed a guardian mummy
  7690 | D        | Noticed a guardian mummy
  7690 | D        | Noticed a guardian mummy
  7692 | D        | Killed a guardian mummy
  7779 | D        | Killed a guardian mummy
  8030 | D        | Noticed Chuck
  8032 | D        | Noticed a death drake
  8036 | D        | Noticed a slime creature
  8392 | D        | Killed a death drake
  8396 | D        | Killed a slime creature
  8469 | D        | Identified the Grimoire of the Glacier
  8472 | D        | Killed Chuck
  8472 | D        | Reached skill level 24 in Stealth
  8499 | D        | Got a slimy pearl dragon armour
  8510 | D        | Identified the cursed +0 pearl dragon armour "Qafon" {+Fly rN+ Str-3 Int+3} (You found it in the Dungeon)
  8588 | D        | Bought a scroll of remove curse for 30 gold pieces
  8588 | D        | Bought a scroll of remove curse for 30 gold pieces
  8767 | D        | Noticed Norris
  8772 | D        | Killed Norris
  8772 | D        | Reached skill level 15 in Translocations
  8912 | D        | Noticed a slime creature
  8915 | D        | Killed a slime creature
  8926 | D        | Noticed a lich
  8927 | D        | Noticed a shadow dragon
  8930 | D        | Killed a lich
  8930 | D        | Reached skill level 5 in Transmutations
  8930 | D        | Reached XP level 15. HP: 61/61 MP: 34/39
  8935 | D        | Noticed a shadow dragon
  8936 | D        | Noticed an ogre mage
  8952 | D        | Killed a shadow dragon
  8952 | D        | Killed from afar by an ogre mage

Vault maps used:
D:        dungeon_sprint_mu

Action                   |  1- 3 |  4- 6 |  7- 9 | 10-12 | 13-15 || total
-------------------------+-------+-------+-------+-------+-------++-------
Melee: Dagger            |    15 |    33 |    37 |   123 |     6 ||   214
       Rapier            |       |       |       |       |    66 ||    66
       Quick blade       |       |       |       |       |    52 ||    52
 Cast: Ensorcelled Hiber |     2 |       |    27 |    37 |     6 ||    72
       Confuse           |     1 |       |       |     2 |     1 ||     4
       Dazzling Spray    |       |     5 |     1 |    34 |    80 ||   120
       Corona            |       |     2 |       |       |       ||     2
       Static Discharge  |       |       |       |     3 |     6 ||     9
       Lightning Bolt    |       |       |       |       |    58 ||    58
       Mephitic Cloud    |       |       |       |       |     9 ||     9
       Controlled Blink  |       |       |       |       |     4 ||     4
       Repel Missiles    |       |       |       |       |     1 ||     1
       Stoneskin         |       |       |       |       |     1 ||     1
Invok: Shadow Step       |       |       |       |    14 |    19 ||    33
 Abil: Evoke Flight      |       |       |       |       |     5 ||     5
       Evoke Invisibilit |       |       |       |       |     1 ||     1
  Use: Scroll            |     3 |       |       |     1 |     8 ||    12
       Potion            |     2 |     1 |       |     2 |     3 ||     8
 Stab: Sleeping          |     5 |     2 |    30 |    60 |    47 ||   144
       Confused          |     2 |       |       |       |     1 ||     3
       Invisible         |       |     1 |       |     5 |       ||     6
  Eat: Fruit             |       |       |       |     1 |       ||     1
       Bread ration      |       |       |       |       |     2 ||     2
